 Dungeon Crawl Stone Soup version 0.23.2-1-ga50397a6bc (webtiles) character file.

Game seed: 962031095468433030

2004 iesmar the Archer (level 9, -1/72 HPs)
             Began as a Centaur Hunter on May 31, 2019.
             Was a Follower of Hepliaklqana.
             Slain by a hornet (10 damage)
             ... on level 7 of the Dungeon on June 1, 2019.
             The game lasted 01:32:45 (9197 turns).

iesmar the Archer (Centaur Hunter)                  Turns: 9197, Time: 01:32:45

Health: -1/72      AC:  5    Str: 19    XL:     9   Next: 2%
Magic:  9/9        EV: 10    Int: 10    God:    Hepliaklqana [*.....]
Gold:   358        SH:  0    Dex:  9    Spells: 8/8 levels left

rFire    . . .     SeeInvis .   a - +1 shortbow
rCold    . . .     Gourm    .   (shield currently unavailable)
rNeg     . . .     Faith    .   y - +0 leather armour
rPois    .         Spirit   .   (no helmet)
rElec    .         Reflect  .   (no cloak)
rCorr    .         Harm     .   n - +0 pair of gloves
MR       .....     Rnd*Tele +   (no barding)
Stlth    +.........             (no amulet)
HPRegen  0.22/turn              u - ring of flight
MPRegen  0.11/turn              B - ring of teleportation (curse)

@: lethally poisoned (-1 -> -18), slowed
A: large, reduced essence, hooves 3, deformed body, speed 2, tough skin 3
a: Recall Ancestor, Ancestor Identity, Renounce Religion, Evoke Flight


You were on level 7 of the Dungeon.
You worshipped Hepliaklqana.
Hepliaklqana was aware of your devotion.
You were not hungry.

You visited 2 branches of the dungeon, and saw 8 of its levels.

You collected 358 gold pieces.

Inventory:

Hand Weapons
 a - a +1 shortbow (weapon)
 b - a +3 quarterstaff of chaos
 t - a +0 hand axe of venom
 A - a +2 dagger of venom
 E - a +2 war axe
 H - a +0 mace of draining
Missiles
 d - 69 arrows (quivered)
 j - 130 stones
 v - 4 needles of sleeping
 w - 14 poisoned needles
Armour
 g - a +1 cloak of magic resistance
 n - a +0 pair of gloves (worn)
 y - a +0 leather armour (worn)
Jewellery
 u - a ring of flight (left hand)
 B - a cursed ring of teleportation (right hand)
Wands
 I - a wand of paralysis (15)
Scrolls
 e - 2 scrolls of teleportation {unknown}
 h - a scroll of magic mapping {unknown}
 i - 2 scrolls of amnesia {unknown}
 l - a scroll of fog {unknown}
 m - 2 scrolls of blinking {unknown}
 p - 4 scrolls of remove curse {unknown}
 q - a scroll of enchant armour {unknown}
 r - a scroll of immolation {unknown}
 s - 3 scrolls of fear {unknown}
 z - 3 scrolls of identify {unknown}
 D - a scroll of noise {unknown}
Potions
 c - a potion of heal wounds {unknown}
 k - 2 potions of agility {unknown}
 o - 4 potions of curing {unknown}
 x - a potion of haste {unknown}
 C - a potion of magic {unknown}
 G - a potion of ambrosia {unknown}
Comestibles
 f - 8 rations
 F - 5 chunks of flesh


   Skills:
 + Level 7.8 Fighting
 + Level 1.9(2.5) Axes
 + Level 1.9(2.3) Maces & Flails
   Level 1.2(1.8) Polearms
 - Level 10.0 Bows
 + Level 0.4 Throwing
 + Level 3.1 Dodging
 + Level 1.8 Stealth


You had 8 spell levels left.
You didn't know any spells.
Your spell library contained the following spells:

 Spells                   Type           Power        Failure   Level  Hunger
 Summon Small Mammal      Summ           #...         41%         1    ##.....
 Call Imp                 Summ           #.......     56%         2    ###....
 Call Canine Familiar     Summ           #.......     80%         3    ####...
 Summon Guardian Golem    Hex/Summ       #.......     80%         3    ####...
 Summon Ice Beast         Ice/Summ       #.......     99%         4    #####..
 Summon Lightning Spire   Summ/Air       #.......     99%         4    #####..


Dungeon Overview and Level Annotations

Branches:
Dungeon (7/15)             Temple (1/1) D:5

Altars:
Ashenzari
Cheibriados
Dithmenos
Elyvilon
Fedhas
Gozag
Hepliaklqana
Makhleb
Nemelex Xobeh
Okawaru
Qazlal
Ru
Sif Muna
Trog
Uskayaw
Vehumet
Wu Jian
Xom
Yredelemnul
Zin
The Shining One

Shops:
D:4 =   D:5 *


Innate Abilities, Weirdness & Mutations

You have hooves in place of feet.
Armour fits poorly on your strangely shaped body.
You cover ground very quickly.
You have extremely tough skin. (AC +3)
Your life essence is reduced to manifest your ancestor. (-10% HP)


Message History

You are more poisoned.
You feel as though you will be slow longer.
Linnril closely misses the hornet.
You can move again.
You feel sick.
The hornet stings you but does no damage.
Really attack while wielding your +1 shortbow?
Okay, then.
You feel sick. The kobold barely misses you. The hornet stings you!
You are more poisoned.
You feel as though you will be slow longer.
Linnril barely misses the hornet.
You feel sick. The kobold barely misses you.
Linnril hits the hornet.
You feel sick. The hornet stings you!
* * * LOW HITPOINT WARNING * * *
You feel as though you will be slow longer.
Linnril hits the hornet but does no damage.
* * * LOW HITPOINT WARNING * * *
You feel sick.
Linnril hits the kobold.
The hornet stings you!
You die...

#. #.# #...# #... .
#.##.# #.### ##..#
..#....# #.# #....
....#..###.# #......
#......##..#
#..##.##
#.......###.......##
####.(.......<....##
#..##(##..........
#@(##(#....##.....
##y.((...(###..## .
######.K..#.#.##
#.......R.....#
#.####..##..###
#.###..# #.# ...#
#.# #... ..# .#..


You could see the friendly Linnril the ancestor, a hornet and a kobold.

Vanquished Creatures
  A sky beast (D:4)
  An ogre (D:4)
  2 centaurs
  A wyvern zombie (D:6)
  2 scorpions
  4 wights (D:6)
  A howler monkey (D:4)
  A crimson imp (D:5)
  A centaur zombie (D:6)
  A centaur skeleton (D:6)
  A gnoll shaman (D:6)
  A jelly (D:6)
  2 orc priests
  Crazy Yiuf (D:6)
  An iguana (D:5)
  5 orc wizards
  A howler monkey skeleton (D:6)
  An ancestor (D:6)
  8 gnolls
  6 adders
  A shadow imp (D:6)
  2 adder skeletons
  2 worms
  2 dart slugs
  4 leopard geckos
  20 orcs
  7 bats
  7 giant cockroaches
  9 goblins
  9 hobgoblins
  14 jackals
  7 kobolds
  4 quokkas
  3 ball pythons
  6 frilled lizards
  A giant cockroach zombie (D:6)
  A leopard gecko zombie (D:7)
  6 rats
147 creatures vanquished.

Vanquished Creatures (collateral kills)
  A hippogriff (D:6)
  An ice beast (D:5)
  A phantom (D:7)
  An ogre (D:6)
  A wight (D:6)
  A jelly (D:7)
  A hound (D:6)
  An orc wizard (D:7)
  A worker ant (D:6)
  2 adders (D:5)
  An orc (D:5)
12 creatures vanquished.

Vanquished Creatures (others)
  2 ancestors
2 creatures vanquished.

Grand Total: 161 creatures vanquished

Notes
Turn   | Place    | Note
-------+----------+-------------------------------------------
     0 | D:1      | iesmar the Centaur Hunter began the quest for the Orb.
     0 | D:1      | Reached XP level 1. HP: 17/17 MP: 1/1
    84 | D:1      | Reached skill level 6 in Bows
    84 | D:1      | Reached XP level 2. HP: 21/24 MP: 2/2
   305 | D:1      | Reached XP level 3. HP: 24/29 MP: 3/3
  1610 | D:2      | Reached skill level 7 in Bows
  1688 | D:2      | Reached XP level 4. HP: 36/36 MP: 4/4
  2409 | D:3      | Reached skill level 1 in Polearms
  2551 | D:3      | Reached XP level 5. HP: 42/42 MP: 5/5
  3767 | D:4      | Reached skill level 8 in Bows
  3984 | D:4      | Found Edigu's Jewellery Emporium.
  4032 | D:4      | Reached XP level 6. HP: 38/50 MP: 6/6
  4594 | D:5      | Entered Level 5 of the Dungeon
  4594 | D:5      | Found a hazy altar of Hepliaklqana.
  4598 | D:5      | Noticed a sky beast
  4621 | D:4      | Reached skill level 9 in Bows
  5016 | D:4      | Killed a sky beast
  5016 | D:4      | Reached XP level 7. HP: 34/57 MP: 7/7
  5195 | D:5      | Became a worshipper of Hepliaklqana the Forgotten
  5676 | D:5      | Reached skill level 10 in Bows
  5899 | D:5      | Reached skill level 1 in Axes
  6018 | D:5      | Reached * piety under Hepliaklqana
  6250 | D:5      | Found a staircase to the Ecumenical Temple.
  6256 | Temple   | Entered the Ecumenical Temple
  6675 | D:5      | Found Jastrerish's Assorted Antiques.
  6786 | D:6      | Reached skill level 1 in Stealth
  6796 | D:6      | Reached skill level 5 in Fighting
  6964 | D:6      | Reached XP level 8. HP: 49/61 MP: 8/8
  7592 | D:6      | Reached skill level 1 in Maces & Flails
  8394 | D:6      | Found a runed translucent door.
  8399 | D:6      | Noticed Crazy Yiuf
  8405 | D:6      | Noticed a hippogriff
  8655 | D:6      | Killed Crazy Yiuf
  8669 | D:6      | Killed a hippogriff
  9066 | D:7      | Reached XP level 9. HP: 50/72 MP: 9/9
  9191 | D:7      | Paralysed by a hornet for 2 turns
  9197 | D:7      | Slain by a hornet

Skill      XL: |  1  2  3  4  5  6  7  8 |
---------------+-------------------------+-----
Bows           | 6 7 8 9 10 | 10.0
Polearms       | 1 |  1.2
Fighting       | 3 5 7 |  7.8
Dodging        | 2 3 |  3.1
Axes           | 1 |  1.9
Stealth        | 1 |  1.8
Maces & Flails | 1 |  1.9
Throwing       | |  0.4

Action                   |  1- 3 |  4- 6 |  7- 9 || total
-------------------------+-------+-------+-------++-------
Melee: Spear             |    48 |    34 |       ||    82
       Kick              |     9 |    13 |     8 ||    30
       Flail             |       |    13 |    12 ||    25
       Hand axe          |       |    23 |     4 ||    27
       War axe           |       |       |     3 ||     3
 Fire: Shortbow          |   102 |   166 |   212 ||   480
Throw: Stone             |     1 |     7 |     1 ||     9
Invok: Ancestor Identity |       |       |     3 ||     3
       Recall Ancestor   |       |       |     5 ||     5
  Eat: Chunk             |     1 |     8 |     1 ||    10
       Ration            |       |       |     3 ||     3
Armor: Leather armour    |    34 |    36 |    18 ||    88
Dodge: Dodged            |    46 |    52 |    35 ||   133
